 Dungeon Crawl Stone Soup version 0.21.0-24-g2553a33 (webtiles) character file.

86 tidbits the Fighter (level 4, 3/67 HPs)
             Began as a Gnoll Wanderer on Jan 19, 2018.
             Quit the game on level 4 of the Dungeon.
             The game lasted 00:03:30 (476 turns).

tidbits the Fighter (Gnoll Wanderer)                 Turns: 476, Time: 00:03:31

Health: 3/67       AC: 22    Str: 17 (19) XL:     4   Next: 50%
Magic:  3/8        EV:  2    Int: 12 (14) God:
Gold:   84         SH:  0    Dex: 15 (16) Spells: 8/9 levels left

rFire    . . .     SeeInvis .   g - +0 battleaxe
rCold    . . .     Gourm    .   (shield currently unavailable)
rNeg     + + +     Faith    .   (armour currently unavailable)
rPois    +         Spirit   .   (helmet currently unavailable)
rElec    .         Reflect  .   (cloak currently unavailable)
rCorr    .         Harm     .   (gloves currently unavailable)
MR       .....     NoTele   +   (boots currently unavailable)
Stlth    ++........             (no amulet)
HPRegen  0.21/turn              (no ring)
MPRegen  0.11/turn              (no ring)

@: mighty, lethally poisoned (3 -> -4), tree-form, very slightly contaminated
A: distributed training, strong nose
a: no special abilities


You were on level 4 of the Dungeon.
You were not hungry.
You were a tree.
You visited 1 branch of the dungeon, and saw 4 of its levels.

You collected 84 gold pieces.

Inventory:

Hand Weapons
 d - a +0 dagger
 g - a +0 battleaxe (weapon)
Missiles
 e - 11 stones (quivered)
Armour
 B - a +0 robe (melded)
Potions
 b - a potion of lignification
Books
 a - a book of Minor Magic

   Spells                             Type                      Level
   a - Magic Dart                     Conjuration                  1
   b - Blink                          Translocation                2
   c - Call Imp                       Summoning                    2
   d - Slow                           Hexes                        2
   e - Conjure Flame                  Conjuration/Fire             3
   f - Mephitic Cloud                 Conjuration/Poison/Air       3
Comestibles
 c - 2 rations


   Skills:
 + Level 8.5 Fighting
 + Level 1.1 Short Blades
 + Level 1.1 Long Blades
 + Level 1.1 Axes
 + Level 1.1 Maces & Flails
 + Level 1.1 Polearms
 + Level 1.1 Staves
 + Level 1.1 Slings
 + Level 1.1 Bows
 + Level 1.1 Crossbows
 + Level 2.7 Throwing
 + Level 1.1 Armour
 + Level 2.7 Dodging
 + Level 1.1 Stealth
 + Level 1.1 Shields
 + Level 1.1 Unarmed Combat
 + Level 3.0 Spellcasting
 + Level 0.9 Conjurations
 + Level 0.9 Hexes
 + Level 0.9 Charms
 + Level 0.9 Summonings
 + Level 0.9 Necromancy
 + Level 0.9 Translocations
 + Level 0.9 Transmutations
 + Level 0.9 Fire Magic
 + Level 2.2 Ice Magic
 + Level 2.2 Air Magic
 + Level 0.9 Earth Magic
 + Level 0.9 Poison Magic
 + Level 1.2 Invocations
 + Level 2.7 Evocations


You had 8 spell levels left.
You knew the following spells:

 Your Spells              Type           Power        Failure   Level  Hunger
a - Magic Dart            Conj           #...         17%         1    #......


Dungeon Overview and Level Annotations

Branches:
Dungeon (4/15)
 Temple: D:4-7

Altars:


Innate Abilities, Weirdness & Mutations

Your experience applies equally to all skills.
((You have very sharp teeth.))
Your uncanny sense of smell can sniff out nearby items.


Message History

Unknown command.
Wield which item (- for none, * to show all)? (? for menu, Esc to quit)
g - a +0 battleaxe (weapon)
You slash the hobgoblin!
You kill the hobgoblin!
Things that are here:
a club; a hobgoblin corpse A scorpion comes into view.
Casting: Magic Dart
Confirm with . or Enter, or press ? or * to list all spells.
Aiming: Magic Dart
Press: ? - help, Shift-Dir - straight line, f - scorpion
Aim: a scorpion The magic dart hits the scorpion.
The scorpion is lightly wounded.
Casting: Magic Dart
Confirm with . or Enter, or press ? or * to list all spells.
Aiming: Magic Dart
Press: ? - help, Shift-Dir - straight line, f/p - scorpion
Aim: a scorpion (lightly wounded)
You miscast Magic Dart.
You are very lightly contaminated with residual magic.
Your hair stands on end.
Casting: Magic Dart
Confirm with . or Enter, or press ? or * to list all spells.
Aiming: Magic Dart
Press: ? - help, Shift-Dir - straight line, f/p - scorpion
Aim: a scorpion (lightly wounded)
The magic dart hits the scorpion.
The scorpion is lightly wounded.
Casting: Magic Dart
Confirm with . or Enter, or press ? or * to list all spells.
Aiming: Magic Dart
Press: ? - help, Shift-Dir - straight line, f/p - scorpion
Aim: a scorpion (lightly wounded)
You miscast Magic Dart.
Nothing appears to happen.
Casting: Magic Dart
Confirm with . or Enter, or press ? or * to list all spells.
Aiming: Magic Dart
Press: ? - help, Shift-Dir - straight line, f/p - scorpion
Aim: a scorpion (lightly wounded)
You miscast Magic Dart.
Your skin tingles.
You hit the scorpion. Your bite misses the scorpion.
The scorpion is moderately wounded.
The scorpion stings you but does no damage.
The scorpion stings you!
You barely miss the scorpion.
The scorpion is moderately wounded.
The scorpion barely misses you. The scorpion stings you!
* * * LOW HITPOINT WARNING * * *
You are poisoned.
The scorpion poisons you!
You barely miss the scorpion.
You bite the scorpion, but do no damage.
The scorpion is moderately wounded.
You feel sick. The scorpion stings you.
* * * LOW HITPOINT WARNING * * *
You are lethally poisoned!
The scorpion poisons you! The scorpion closely misses you.
You hit the scorpion.
The scorpion is heavily wounded.
* * * LOW HITPOINT WARNING * * *
You feel sick. The scorpion misses you.
It was a potion of might.
You feel very mighty all of a sudden.
* * * LOW HITPOINT WARNING * * *
You feel sick. The scorpion stings you.
* * * LOW HITPOINT WARNING * * *
You barely miss the scorpion. You bite the scorpion!
You kill the scorpion!
Your Short Blades skill increases to level 1!
Your Long Blades skill increases to level 1!
Your Axes skill increases to level 1!
Your Maces & Flails skill increases to level 1!
Your Polearms skill increases to level 1!
Your Staves skill increases to level 1!
Your Slings skill increases to level 1!
Your Bows skill increases to level 1!
Your Crossbows skill increases to level 1!
Your Armour skill increases to level 1!
Your Stealth skill increases to level 1!
Your Shields skill increases to level 1!
Your Unarmed Combat skill increases to level 1!
Your Spellcasting skill increases to level 3!
Your Invocations skill increases to level 1!
You have reached level 4!
You feel clever.
* * * LOW HITPOINT WARNING * * *
You feel sick.
It was a potion of degeneration.
There was something very wrong with that liquid.
You feel weakened.
You feel dopey.
You feel clumsy.
* * * LOW HITPOINT WARNING * * *
You feel sick.
You turn into a tree.
Your +0 robe melds into your body.
Your roots penetrate the ground.
* * * LOW HITPOINT WARNING * * *
You feel sick.
Are you sure you want to abandon this character and quit the game? (Confirm with "yes".)

#...........
#..########.
#..#######
###.........
#.)<########
#.### #.#
##.#######
#..♣.....#
#..#######
#..# #..#
#..# #..#
#..# ...


There were no monsters in sight!

Vanquished Creatures
  A scorpion (D:4)
  2 adders (D:2)
  A worm (D:2)
  A dart slug (D:1)
  2 goblins
  4 hobgoblins
  A quokka (D:3)
  A bat (D:3)
  A frilled lizard (D:2)
  2 kobolds (D:3)
  A rat (D:2)
17 creatures vanquished.

Notes
Turn   | Place    | Note
-------+----------+-------------------------------------------
     0 | D:1      | tidbits the Gnoll Wanderer began the quest for the Orb.
     0 | D:1      | tidbits set off with: a book of Minor Magic, 2 potions of lignification, a +0 robe, a +0 dagger, a ration
     0 | D:1      | Reached XP level 1. HP: 26/26 MP: 4/4
     2 | D:1      | Learned a level 1 spell: Magic Dart
    95 | D:2      | Reached skill level 2 in Ice Magic
    95 | D:2      | Reached skill level 2 in Air Magic
    95 | D:2      | Reached XP level 2. HP: 33/33 MP: 5/5
   117 | D:2      | Reached XP level 3. HP: 37/38 MP: 7/7
   462 | D:4      | Noticed a scorpion
   473 | D:4      | Killed a scorpion
   473 | D:4      | Reached skill level 1 in Short Blades
   473 | D:4      | Reached skill level 1 in Long Blades
   473 | D:4      | Reached skill level 1 in Axes
   473 | D:4      | Reached skill level 1 in Maces & Flails
   473 | D:4      | Reached skill level 1 in Polearms
   473 | D:4      | Reached skill level 1 in Staves
   473 | D:4      | Reached skill level 1 in Slings
   473 | D:4      | Reached skill level 1 in Bows
   473 | D:4      | Reached skill level 1 in Crossbows
   473 | D:4      | Reached skill level 1 in Armour
   473 | D:4      | Reached skill level 1 in Stealth
   473 | D:4      | Reached skill level 1 in Shields
   473 | D:4      | Reached skill level 1 in Unarmed Combat
   473 | D:4      | Reached skill level 3 in Spellcasting
   473 | D:4      | Reached skill level 1 in Invocations
   473 | D:4      | Reached XP level 4. HP: 5/45 MP: 3/8
   473 | D:4      | HP: 4/45 [poisoned by a scorpion]
   476 | D:4      | Quit the game

Skill      XL: |  1  2  3 |
---------------+----------+-----
Ice Magic      | 2 |  2.2
Air Magic      | 2 |  2.2
Short Blades   | 1 |  1.1
Long Blades    | 1 |  1.1
Axes           | 1 |  1.1
Maces & Flails | 1 |  1.1
Polearms       | 1 |  1.1
Staves         | 1 |  1.1
Slings         | 1 |  1.1
Bows           | 1 |  1.1
Crossbows      | 1 |  1.1
Armour         | 1 |  1.1
Stealth        | 1 |  1.1
Shields        | 1 |  1.1
Unarmed Combat | 1 |  1.1
Spellcasting   | 3 |  3.0
Invocations    | 1 |  1.2
Fighting       | |  8.5
Throwing       | |  2.7
Dodging        | |  2.7
Conjurations   | |  0.9
Hexes          | |  0.9
Charms         | |  0.9
Summonings     | |  0.9
Necromancy     | |  0.9
Translocations | |  0.9
Transmutations | |  0.9
Fire Magic     | |  0.9
Earth Magic    | |  0.9
Poison Magic   | |  0.9
Evocations     | |  2.7

Action                   |  1- 3 |  4- 6 || total
-------------------------+-------+-------++-------
Melee: Dagger            |    55 |       ||    55
       Unarmed           |    11 |       ||    11
       Bite              |     8 |       ||     8
       Battleaxe         |     6 |       ||     6
 Cast: Magic Dart        |    14 |       ||    14
  Use: Potion            |     2 |     2 ||     4
       Scroll            |     1 |       ||     1
Armor: Skin              |    11 |       ||    11
       Robe              |     6 |       ||     6
Dodge: Dodged            |    34 |       ||    34

Table legend:
 A = Turns spent in this place as a percentage of turns spent in the entire game.
 B = Non-inter-level travel turns spent in this place as a percentage of non-inter-level travel turns spent in the entire game.
 C = Inter-level travel turns spent in this place as a percentage of turns spent in this place.
 D = Turns resting spent in this place as a percentage of non-inter-level travel turns spent in this place.
 E = Turns spent auto-exploring this place as a percentage of non-inter-level travel turns spent in this place.
 F = Non-inter-level travel turns spent in this place divided by the number of levels of this place that you've seen.
                   A       B       C       D       E      F
               +-------+-------+-------+-------+-------+----------------------
         Total | 100.0 | 100.0 |   0.0 |   0.0 |   0.0 | 119.0
       Dungeon | 100.0 | 100.0 |   0.0 |   0.0 |   0.0 | 119.0
               +-------+-------+-------+-------+-------+----------------------

Table legend:
 A = Kills in this place as a percentage of kills in entire the game.
 B = Kills by you in this place as a percentage of kills by you in the entire game.
 C = Kills by friends in this place as a percentage of kills by friends in the entire game.
 D = Other kills in this place as a percentage of other kills in the entire game.
 E = Experience gained in this place as a percentage of experience gained in the entire game.
 F = Experience gained in this place divided by the number of levels of this place that you have seen.
                   A       B       C       D       E      F
               +-------+-------+-------+-------+-------+----------------------
         Total | 100.0 | 100.0 |   N/A |   N/A | 100.0 |  31.0
       Dungeon | 100.0 | 100.0 |   N/A |   N/A | 100.0 |  31.0
               +-------+-------+-------+-------+-------+----------------------

Vault maps used:
D:1:      scummos_arrival_hexagon, minmay_misc_feat_tower, serial_bayou_pond_d,
          minmay_misc_feat_rows
D:3:      overflow_temple_1_default, first_ration
D:4:      old_standard_altar, amethyst_overflow_temple_binary,
          portal_sewer_entry_d
